 Dungeon Crawl Stone Soup version 0.30-a0-918-g0ff054e9dc (webtiles) character file.

Game seed: 4245839165858550797

371 cforsyth the Covered (level 7, -6/55 HPs)
             Began as a Human Fighter on Mar 20, 2023.
             Mangled by an ogre
             ... wielding a +0 giant spiked club
              (21 damage)
             ... on level 5 of the Dungeon.
             The game lasted 00:06:45 (3952 turns).

cforsyth the Covered (Human Fighter)                Turns: 3952, Time: 00:06:46

Health: -6/55      AC: 14    Str: 19    XL:     7   Next: 2%
Magic:  7/7        EV:  7    Int: 14    God:
Gold:   129        SH:  5    Dex: 12    Spells: 6/6 levels left

rFire   . . .      SeeInvis .    a - +0 flail
rCold   . . .      Faith    .    c - +0 buckler
rNeg    . . .      Spirit   .    d - +0 chain mail
rPois   .          Reflect  .    (no helmet)
rElec   .          Rampage  .    h - +0 cloak
rCorr   .                        (no gloves)
Will    .....                    (no boots) Stlth
                                 (no amulet)
HPRegen 0.29/turn                f - +6 ring of intelligence
MPRegen 0.10/turn                p - +4 ring of protection

@: no status effects
A: no striking features
a: no special abilities


You were on level 5 of the Dungeon.
You visited 1 branch of the dungeon, and saw 5 of its levels.

You collected 129 gold pieces.

Inventory:

Hand Weapons
 a - a +0 flail (weapon)
 o - the +5 dagger of cforsyth's Terror {speed, Drain +Blink rPois rN+++}
   (You found it on level 3 of the Dungeon)

   rPois:     It protects you from poison.
   rN:        It renders you almost immune to negative energy.
   +Blink:    It lets you blink.
   Drain:     It drains your maximum health when unequipped.
Armour
 b - a +0 scale mail
 c - a +0 buckler (worn)
 d - a +0 chain mail (worn)
 h - a +0 cloak (worn)
Jewellery
 f - a +6 ring of intelligence (left hand)
 p - a +4 ring of protection (right hand)
Wands
 e - a wand of iceblast (5)
Scrolls
 g - a scroll of magic mapping {unknown}
 i - a scroll of poison {unknown}
 j - 2 scrolls of noise
 k - 7 scrolls of identify {unknown}
 l - 2 scrolls of teleportation


   Skills:
 + Level 4.4 Fighting
 + Level 3.8 Maces & Flails
 + Level 4.4 Armour
 + Level 4.4 Shields


You had 6 spell levels left.
You didn't know any spells.
Your spell library contained the following spells:

 Spells                   Type           Power      Damage    Failure   Level
 Ignite Poison            Fire/Tmut/Pois 0%         N/A       100%        3
 Vhi's Electric Charge    Tloc/Air       0%         N/A       100%        3
 Sticky Flame             Conj/Fire      0%         2d3       100%        4
 Arcjolt                  Conj/Air       0%         1d10      100%        5
 Ignition                 Fire           0%         3d3       100%        8
 Maxwell's Capacitive Co  Air            0%         ∞         100%        8


Dungeon Overview and Level Annotations

Branches:
Dungeon (5/15)
 Temple: D:4-7

Altars:

Shops:
D:1 [   D:4 (

Annotations:
D:4 Pikel


Message History

The adder is almost dead.
The adder closely misses you. The adder bites you but does no damage.
You hit the adder.
You kill the adder!
You have reached level 7!
A shadow imp is nearby!
A shadow imp is nearby!
A shadow imp is nearby!
A shadow imp is nearby!
A shadow imp is nearby!
No target in view!
e - a wand of iceblast (5)
An ogre comes into view. It is wielding a +0 giant spiked club.
An ogre is nearby!
The ogre shouts!
An adder comes into view.
You barely miss the ogre.
The adder hisses angrily.
The ogre closely misses you.
You hit the ogre but do no damage.
The ogre hits you with a +0 giant spiked club!
You hit the ogre.
The ogre is lightly wounded.
You sock the ogre!
The ogre is heavily wounded.
The ogre hits you with a +0 giant spiked club!!
* * * LOW HITPOINT WARNING * * *
You are too injured to fight recklessly!
You are too injured to fight recklessly!
You are too injured to fight recklessly!
You are too injured to fight recklessly!
You are too injured to fight recklessly!
You are too injured to fight recklessly!
You are too injured to fight recklessly!
You are too injured to fight recklessly!
You are too injured to fight recklessly!
You hit the ogre.
The ogre is severely wounded.
The ogre hits you with a +0 giant spiked club!!
You die...

.# .. .# . .#.# ##
.#. . #. .# .#.###
S# .....###O#
##..##@.#
#......## ########
#.#.#..# .......#
#.....?####
########
##.#.#........
.....##
#.......####.#
####..####.#######
.####.#....#
..#...#.####### .


You could see an ogre and an adder.

Vanquished Creatures
  An ogre (D:4)
  A lemure (D:4)
  A phantom (D:3)
  An iguana (D:4)
  A scorpion zombie (D:3)
  9 adders
  An ufetubus (D:4)
  An adder skeleton (D:3)
  4 dart slugs
  An orc (D:4)
  7 ball pythons
  7 endoplasms
  2 giant cockroaches
  4 goblins
  6 hobgoblins
  A quokka (D:1)
  A ball python zombie (D:3)
  7 bats
  A frilled lizard (D:3)
  9 kobolds
  8 rats
74 creatures vanquished.

Notes
Turn   | Place    | Note
-------+----------+-------------------------------------------
     0 | D:1      | cforsyth the Human Fighter began the quest for the Orb.
     0 | D:1      | Reached XP level 1. HP: 18/18 MP: 1/1
   209 | D:1      | Found Kyotzek's Armour Boutique.
   347 | D:1      | Reached XP level 2. HP: 24/24 MP: 2/2
   968 | D:2      | Reached XP level 3. HP: 29/29 MP: 3/3
  1135 | D:2      | Reached XP level 4. HP: 35/35 MP: 4/4
  1956 | D:3      | Reached XP level 5. HP: 42/42 MP: 5/5
  2022 | D:3      | Identified the +5 dagger of cforsyth's Terror {speed, Drain
                  | +Blink rPois rN+++}
  2467 | D:4      | Noticed a phantom
  2532 | D:3      | Killed a phantom
  2533 | D:3      | Reached XP level 6. HP: 37/48 MP: 6/6
  2725 | D:4      | Noticed Pikel
  3077 | D:4      | Noticed an ogre
  3282 | D:4      | Found Damoos's Antique Weapon Emporium.
  3622 | D:4      | Killed an ogre
  3801 | D:5      | Entered Level 5 of the Dungeon
  3898 | D:5      | Reached XP level 7. HP: 55/55 MP: 7/7
  3952 | D:5      | Mangled by an ogre

Illustrated notes

Levels and vault maps discovered:
D:1:      lightli_arrival_statue_moat, layout_loops_corners, serial_shops,
          nicolae_lakefront_shop
D:2:      layout_loops_cross
D:3:      layout_loops_ring, serial_undead, serial_undead_d, serial_undead_b,
          serial_undead_f, serial_undead_f
D:4:      layout_loops_cross, serial_shops, nicolae_lakefront_shop,
          fountainhead, uniq_pikel
D:5:      layout_rooms, serial_co_window_serial, co_window_corner_a,
          co_window_corner_a, co_window_corner_a, co_window_paths_a,
          co_window_paths_a, co_window_paths_a, co_window_corner_b,
          co_window_of_opportunity_c, co_window_2corner, co_window_2corner,
          co_window_broadway_c, co_window_unsneaky_path_c,
          co_window_of_opportunity_b, co_window_paths_d, glass_columns_c,
          glass_columns_b, glass_columns_a, uniq_prince_ribbit1, uniq_edmund

Skill      XL: |  1  2  3  4  5 |
---------------+----------------+-----
Maces & Flails | 3 |  3.8
Fighting       | 4 |  4.4
Armour         | 4 |  4.4
Shields        | 4 |  4.4

Action                     |  1- 3 |  4- 6 |  7- 9 || total
---------------------------+-------+-------+-------++-------
  Melee: Flail             |   102 |   207 |     5 ||   314
    Use: Potion            |       |     6 |       ||     6
         Scroll            |       |     2 |       ||     2
 Armour: Scale mail        |    43 |    79 |       ||   122
         Skin              |       |    10 |       ||    10
         Chain mail        |       |    27 |       ||    27
  Dodge: Dodged            |    60 |    65 |     1 ||   126
  Block: Buckler           |    16 |    54 |       ||    70

Table legend: (Time is in decaauts)
 A = Elapsed time spent in this place.
 B = Non-inter-level travel time spent in this place.
 C = Inter-level travel time spent in this place.
 D = Time resting spent in this place.
 E = Time spent auto-exploring this place.
 F = Levels seen in this place.
 G = Mean time per level.
                   A        B        C        D        E       F      G
               +--------+--------+--------+--------+--------+-----+--------+
         Total |   4032 |   3957 |     75 |    630 |   2452 |   5 |  806.4 |
       Dungeon |   4032 |   3957 |     75 |    630 |   2452 |   5 |  806.4 |
               +--------+--------+--------+--------+--------+-----+--------+

Top non-repeatable levels by time:
     D:3: 1226 daAuts
     D:4: 982 daAuts
     D:1: 936 daAuts
     D:2: 731 daAuts
     D:5: 154 daAuts
